 Dungeon Crawl Stone Soup version 0.26-a0-830-g2a559e7be2 (webtiles) character file.

Game seed: 13550055802279781949

48 Ge0ff the Chopper (level 4, -1/35 HPs)
             Began as a Human Fighter on Nov 15, 2020.
             Slain by a gnoll
             ... wielding a +0 spear
              (5 damage)
             ... on level 2 of the Dungeon.
             The game lasted 00:01:38 (480 turns).

Ge0ff the Chopper (Human Fighter)                    Turns: 480, Time: 00:01:39

Health: -1/35      AC:  9    Str: 17    XL:     4   Next: 0%
Magic:  4/4        EV:  7    Int:  8    God:
Gold:   23         SH:  9    Dex: 13    Spells: 3/3 levels left

rFire    . . .     SeeInvis .   a - +0 war axe
rCold    . . .     Faith    .   c - +0 kite shield
rNeg     . . .     Spirit   .   b - +0 scale mail
rPois    .         Reflect  .   (no helmet)
rElec    .         Harm     .   Q - +2 cloak
rCorr    .         Rampage  .   (no gloves)
MR       .....                  (no boots)
Stlth    ..........             (no amulet)
HPRegen  0.11/turn              (no ring)
MPRegen  0.09/turn              (no ring)

@: mighty, lethally poisoned (-1 -> -13)
A: no striking features
a: no special abilities


You were on level 2 of the Dungeon.
You visited 1 branch of the dungeon, and saw 2 of its levels.

You collected 23 gold pieces.

Inventory:

Hand Weapons
 a - a +0 war axe (weapon)
Missiles
 N - 2 boomerangs (quivered)
Armour
 b - a +0 scale mail (worn)
 c - a +0 kite shield (worn)
 Q - a +2 cloak (worn)


   Skills:
 - Level 3.0 Fighting
 + Level 4.0 Axes
 - Level 3.0 Armour
 - Level 3.0 Shields


You had 3 spell levels left.
You didn't know any spells.
Your spell library was empty.

Dungeon Overview and Level Annotations

Branches:
Dungeon (1/15)

Altars:


Message History

a +0 flail; a gnoll corpse You slash the gnoll!
You kill the gnoll!
You hit the gnoll.
* * * LOW HITPOINT WARNING * * *
You feel sick.
A goblin comes into view. It is wielding a +0 dagger.
A leopard gecko comes into view.
The gnoll hits you but does no damage. The gnoll barely misses you.
You block the gnoll's attack.
Your Axes skill increases to level 4!
You have reached level 4!
You feel stronger.
The goblin shouts!
You slash the gnoll!
You kill the gnoll!
* * * LOW HITPOINT WARNING * * *
You feel sick.
The gnoll hits you from afar with a +0 spear.
You die...

....?#####.##.# #
#..........#.#
#.....###....
##............ #
#.............
...#.##.#.#.######..
........#.#g######..#
###.#)#.#........
##.#g.@..........
#.###.).....###.# #
##.#..##>.### .#
....#####l#.##..# .#
#.......#.##..# .# #
#######.#.#.#.#####.#.#
#.#.(##.........#
#.###...........#
#(>†)...))##..###


You could see a gnoll, a leopard gecko and a goblin.

Vanquished Creatures
  3 gnolls (D:2)
  An adder (D:2)
  A dart slug (D:1)
  A bat (D:1)
  2 giant cockroaches
  3 goblins (D:2)
  A hobgoblin (D:1)
  A jackal (D:1)
  2 ball pythons (D:1)
  4 kobolds
  A rat (D:1)
20 creatures vanquished.

Notes
Turn   | Place    | Note
-------+----------+-------------------------------------------
     0 | D:1      | Ge0ff the Human Fighter began the quest for the Orb.
     0 | D:1      | Reached XP level 1. HP: 18/18 MP: 1/1
   124 | D:1      | Reached XP level 2. HP: 18/24 MP: 2/2
   378 | D:1      | You fall into a shaft and drop 1 floor!
   387 | D:2      | Reached skill level 3 in Axes
   390 | D:2      | Reached XP level 3. HP: 28/29 MP: 3/3
   480 | D:2      | Reached skill level 4 in Axes
   480 | D:2      | Reached XP level 4. HP: 6/35 MP: 4/4
   480 | D:2      | Slain by a gnoll

Illustrated notes

Levels and vault maps discovered:
D:1:      minmay_arrival_wavy_path, layout_rooms, minmay_small_reverse_x
D:2:      layout_loops_ring

Skill      XL: |  1  2  3 |
---------------+----------+-----
Axes           | 3 4 |  4.0
Fighting       | |  3.0
Armour         | |  3.0
Shields        | |  3.0

Action                   |  1- 3 |  4- 6 || total
-------------------------+-------+-------++-------
Melee: War axe           |    44 |     1 ||    45
Throw: Boomerang         |    11 |       ||    11
  Use: Scroll            |     3 |       ||     3
       Potion            |     3 |       ||     3
Armor: Scale mail        |    24 |       ||    24
Dodge: Dodged            |    19 |       ||    19
Block: Kite shield       |    37 |       ||    37

Table legend: (Time is in decaauts)
 A = Elapsed time spent in this place.
 B = Non-inter-level travel time spent in this place.
 C = Inter-level travel time spent in this place.
 D = Time resting spent in this place.
 E = Time spent auto-exploring this place.
 F = Levels seen in this place.
 G = Mean time per level.
                   A        B        C        D        E       F      G
               +--------+--------+--------+--------+--------+-----+--------+
         Total |    504 |    504 |      0 |     14 |    298 |   2 |  252.0 |
       Dungeon |    504 |    504 |      0 |     14 |    298 |   2 |  252.0 |
               +--------+--------+--------+--------+--------+-----+--------+

Top non-repeatable levels by time:
     D:1: 390 daAuts
     D:2: 113 daAuts
